 Dungeon Crawl Stone Soup version 0.30-a0-341-g682706514a (webtiles) character file.

Game seed: 15203007771313399116

301 Engwar the Ruffian (level 6, -9/91 HPs)
             Began as a Troll Fighter on Nov 2, 2022.
             Mangled by Crazy Yiuf
             ... wielding a +4 quarterstaff of chaos
              (10 damage)
             ... on level 3 of the Dungeon.
             The game lasted 00:02:48 (1865 turns).

Engwar the Ruffian (Troll Fighter)                  Turns: 1865, Time: 00:02:48

Health: -9/91      AC:  6    Str: 25    XL:     6   Next: 14%
Magic:  5/5        EV:  8    Int:  6    God:
Gold:   88         SH:  7    Dex:  9    Spells: 5/5 levels left

rFire   . . .      SeeInvis .      - Unarmed
rCold   . . .      Faith    .    b - +0 kite shield
rNeg    + . .      Spirit   .    c - +2 robe {rN+}
rPois   .          Reflect  .    (helmet restricted)
rElec   .          Harm     .    (no cloak)
rCorr   .          Rampage  .    (gloves unavailable)
Will    .....                    (boots unavailable)
Stlth   ..........               (no amulet)
HPRegen 1.15/turn                (no ring)
MPRegen 0.09/turn                (no ring)

@: berserking, lethally poisoned (-9 -> -9), hasted, very quick
A: large, unfitting armour, claws 3, regeneration 1, shaggy fur 1, tough skin 1
a: no special abilities


You were on level 3 of the Dungeon.
You visited 1 branch of the dungeon, and saw 3 of its levels.

You collected 88 gold pieces.

Inventory:

Armour
 b - a +0 kite shield (worn)
 c - a +2 robe of positive energy (worn)
Scrolls
 d - a scroll of brand weapon {unknown}
Potions
 a - 2 potions of lignification
 e - a potion of resistance {unknown}
 f - 2 potions of attraction {unknown}
 g - a potion of berserk rage
 h - a potion of curing
 l - a potion of magic {unknown}


   Skills:
 + Level 3.5 Fighting
 - Level 2.4 Dodging
 + Level 3.9 Shields
 * Level 4.8 Unarmed Combat


You had 5 spell levels left.
You didn't know any spells.
Your spell library was empty.

Dungeon Overview and Level Annotations

Branches:
Dungeon (3/15)

Altars:

Annotations:
D:3 Crazy Yiuf


Innate Abilities, Weirdness & Mutations

You are too large for most types of armour.
You have claws for hands.
Your natural rate of healing is unusually fast.
You are covered in fur. (AC +1)
You have tough skin. (AC +1)


Message History

You claw the worm!
You kill the worm!
You open the door.
Crazy Yiuf drinks a potion.
Crazy Yiuf goes berserk!
You block Crazy Yiuf's attack.
There is an open translucent door here.
You closely miss Crazy Yiuf. You block Crazy Yiuf's attack.
Crazy Yiuf hits you with a +4 quarterstaff of chaos!
You closely miss Crazy Yiuf. You block Crazy Yiuf's attack.
You scratch Crazy Yiuf but do no damage.
You block Crazy Yiuf's attack. Crazy Yiuf barely misses you.
You barely miss Crazy Yiuf. You block Crazy Yiuf's attack.
You scratch Crazy Yiuf but do no damage.
Crazy Yiuf hits you with a +4 quarterstaff of chaos!
Crazy Yiuf hits you with a +4 quarterstaff of chaos.
You are poisoned.
You barely miss Crazy Yiuf.
You feel sick.
Crazy Yiuf hits you with a +4 quarterstaff of chaos!
You feel yourself speed up.
You scratch Crazy Yiuf.
Crazy Yiuf is lightly wounded.
You feel sick. You block Crazy Yiuf's attack. Crazy Yiuf closely misses you.
Okay, then.
A red film seems to cover your vision as you go berserk!
You feel yourself moving faster!
You feel mighty!
You feel sick.
Crazy Yiuf hits you with a +4 quarterstaff of chaos!!
* * * LOW HITPOINT WARNING * * *
Crazy Yiuf burns you!
* * * LOW HITPOINT WARNING * * *
You mangle Crazy Yiuf!!
Crazy Yiuf is severely wounded.
You feel sick.
Crazy Yiuf hits you with a +4 quarterstaff of chaos.
* * * LOW HITPOINT WARNING * * *
You feel as though your hastened speed will last longer.
You barely miss Crazy Yiuf.
Crazy Yiuf is severely wounded.
* * * LOW HITPOINT WARNING * * *
You feel sick.
Crazy Yiuf hits you with a +4 quarterstaff of chaos!
You die...

........#...#*,*,,,,,,*** *,*
..........####.,,*,,,******,*
.#†.............#*,*,**,,,*,*
.......##########******,,,*,*
..).#.## *,,,*,* .......##♣♣♣♣♣
*,,,*,* ...........♣.♣♣♣*####
*,,,*,*** .)###.......♣..♣#...#
***,,,,^* ...........♣♣♣♣.@g..#
*,,,,,* ...###....♣♣ ♣♣#..)#
*,,,,,* .### ####♣♣ *####
*,,,,,* #******* *,,,,,* *
*,,,,* *,,,,,* **,**,********
*********,,,,,*
**,,*,,,,,,,,,***,>*,,,**,*,,**
,,,*,,,,,,,,,,,**,,,,,,**,*,,*
,***,,,,,,,,,,,***,*,,,*,,*,,*


You could see Crazy Yiuf (berserk).

Vanquished Creatures
  Sigmund (D:2)
  Terence (D:2)
  Natasha (thrice) (D:2)
  2 adders (D:3)
  2 worms
  2 endoplasms (D:1)
  A giant cockroach (D:2)
  6 goblins
  A kobold (D:1)
  4 ball pythons
  3 bats
  3 frilled lizards
  4 rats
33 creatures vanquished.

Notes
Turn   | Place    | Note
-------+----------+-------------------------------------------
     0 | D:1      | Engwar the Troll Fighter began the quest for the Orb.
     0 | D:1      | Reached XP level 1. HP: 22/22 MP: 0/0
   582 | D:1      | Reached XP level 2. HP: 29/29 MP: 1/1
   988 | D:2      | Noticed Sigmund
   997 | D:2      | Killed Sigmund
   998 | D:2      | Reached skill level 4 in Unarmed Combat
   998 | D:2      | Reached XP level 3. HP: 26/37 MP: 2/2
   998 | D:2      | Reached XP level 4. HP: 31/45 MP: 3/3
   998 | D:2      | Reached XP level 5. HP: 37/53 MP: 4/4
  1070 | D:2      | Noticed Terence
  1075 | D:2      | Killed Terence
  1222 | D:2      | Found a faded altar of an unknown god.
  1357 | D:2      | Noticed Natasha
  1364 | D:2      | Killed Natasha
  1466 | D:2      | Noticed Natasha
  1475 | D:2      | Killed Natasha
  1519 | D:2      | Noticed Natasha
  1528 | D:2      | Killed Natasha
  1529 | D:2      | Reached XP level 6. HP: 47/61 MP: 5/5
  1798 | D:3      | Found a runed translucent door.
  1799 | D:3      | Noticed Crazy Yiuf
  1863 | D:3      | HP: 4/91 [Crazy Yiuf/+4 quarterstaff of chaos (7)]
  1864 | D:3      | HP: 1/91 [Crazy Yiuf/+4 quarterstaff of chaos (3)]
  1865 | D:3      | Mangled by Crazy Yiuf

Illustrated notes

Levels and vault maps discovered:
D:1:      dpeg_arrival_court, layout_loops_corners, minivault_24
D:2:      layout_loops_ring, shapermc_ecumenical_altar_ellora, uniq_terence,
          uniq_sigmund, uniq_natasha
D:3:      layout_rooms, yredelemnul_altar_generic, uniq_crazy_yiuf_cottage,
          uniq_ijyb, uniq_robin

Skill      XL: |  1  2 |
---------------+-------+-----
Fighting       | 3 |  3.5
Shields        | 3 |  3.9
Unarmed Combat | 4 |  4.8
Dodging        | |  2.4

Action                   |  1- 3 |  4- 6 || total
-------------------------+-------+-------++-------
Melee: Unarmed           |    35 |    74 ||   109
  Use: Potion            |     1 |     1 ||     2
       Scroll            |       |     8 ||     8
Armor: Robe              |    17 |    20 ||    37
Dodge: Dodged            |    22 |    22 ||    44
Block: Kite shield       |    12 |    25 ||    37

Table legend: (Time is in decaauts)
 A = Elapsed time spent in this place.
 B = Non-inter-level travel time spent in this place.
 C = Inter-level travel time spent in this place.
 D = Time resting spent in this place.
 E = Time spent auto-exploring this place.
 F = Levels seen in this place.
 G = Mean time per level.
                   A        B        C        D        E       F      G
               +--------+--------+--------+--------+--------+-----+--------+
         Total |   1871 |   1788 |     83 |      0 |   1477 |   3 |  623.7 |
       Dungeon |   1871 |   1788 |     83 |      0 |   1477 |   3 |  623.7 |
               +--------+--------+--------+--------+--------+-----+--------+

Top non-repeatable levels by time:
     D:1: 937 daAuts
     D:2: 782 daAuts
     D:3: 152 daAuts
